 Dungeon Crawl Stone Soup version 0.27.0-1-g7a089689b8 (webtiles) character file.

Game seed: 10664722091060855301

4 kobby the Skirmisher (level 1, -1/21 HPs)
             Began as a Naga Fighter on Aug 14, 2021.
             Slain by an adder (2 damage)
             ... on level 2 of the Dungeon.
             The game lasted 00:00:26 (264 turns).

kobby the Skirmisher (Naga Fighter)                  Turns: 264, Time: 00:00:27

Health: -1/21      AC:  4    Str: 18    XL:     1   Next: 70%
Magic:  1/1        EV:  5    Int:  8    God:
Gold:   28         SH:  8    Dex: 10    Spells: 0/0 levels left

rFire    . . .     SeeInvis +   a - +0 long sword
rCold    . . .     Faith    .   c - +0 kite shield
rNeg     . . .     Spirit   .   b - +0 scale mail
rPois    +         Reflect  .   (no helmet)
rElec    .         Harm     .   (no cloak)
rCorr    .         Rampage  .   (no gloves)
Will     .....                  (no barding)
Stlth    ..........             (no amulet)
HPRegen  0.07/turn              (no ring)
MPRegen  0.07/turn              (no ring)

@: short of breath, very slow
A: AC +0, large, see invisible, deformed body, poison resistance, slowness 2,
spit poison 1, naga tail 1
a: Spit Poison


You were on level 2 of the Dungeon.
You visited 1 branch of the dungeon, and saw 2 of its levels.

You collected 28 gold pieces.

Inventory:

Hand Weapons
 a - a +0 long sword (weapon)
Armour
 b - a +0 scale mail (worn)
 c - a +0 kite shield (worn)
Scrolls
 e - a scroll of enchant weapon {unknown}
Potions
 d - a potion of might


   Skills:
 + Level 3.0 Fighting
 + Level 2.0 Long Blades
 + Level 2.5 Armour
 + Level 2.5 Shields


You couldn't memorise any spells.
You didn't know any spells.
Your spell library was empty.

Dungeon Overview and Level Annotations

Branches:
Dungeon (1/15)

Altars:


Innate Abilities, Weirdness & Mutations

Your serpentine skin is tough. (AC +0)
You have supernaturally acute eyesight. (SInv)
Armour fits poorly on your strangely shaped body.
Your system is resistant to poisons. (rPois)
You cover ground very slowly.
You can spit poison.
You have a snake-like lower body.


Message History

You now have 28 gold pieces (gained 11).
An adder comes into view.
The adder hisses angrily.
An adder is nearby!
The adder barely misses you. The adder bites you but does no damage.
You see here 16 gold pieces.
You miss the adder. You block the adder's attack. The adder barely misses you.
You closely miss the adder. The adder bites you. x2
You hit the adder.
The adder is lightly wounded.
The adder bites you but does no damage. The adder bites you.
You barely miss the adder.
The adder is lightly wounded.
You block the adder's attack. The adder bites you.
You are too injured to fight recklessly!
You are too injured to fight recklessly!
You are too injured to fight recklessly!
You are too injured to fight recklessly!
You are too injured to fight recklessly!
You are too injured to fight recklessly!
The adder bites you.
* * * LOW HITPOINT WARNING * * *
Press: ? - help, Shift-Dir - straight line, f - adder
Aim: an adder (lightly wounded)
The splash of poison hits the adder.
The adder is poisoned.
The adder is lightly wounded.
The adder bites you.
* * * LOW HITPOINT WARNING * * *
You are too injured to fight recklessly!
You hit the adder.
The adder is severely wounded.
The adder completely misses you. You block the adder's attack.
You closely miss the adder.
The adder is almost dead.
You block the adder's attack. The adder bites you.
* * * LOW HITPOINT WARNING * * *
You hit the adder but do no damage.
The adder is almost dead.
The adder bites you.
You die...

#..#..# #.##.#.#.#
##....#####.##.#.#.#
##..........#.#.#.#
##..#####........###.
##.# #..#.........
#.# #......#.### #.#
##..#.#.# #.#
#.......# #.#
........@#
#.####...#.#S# #..
........>..# #..
.........#.#
####...#.#.# .....#.#
# #.##..#.# . #. ...
#. #.#


You could see an adder (poisoned).

Vanquished Creatures
  A ball python (D:1)
  An endoplasm (D:2)
  A kobold (D:2)
  A bat (D:1)
4 creatures vanquished.

Notes
Turn   | Place    | Note
-------+----------+-------------------------------------------
     0 | D:1      | kobby the Naga Fighter began the quest for the Orb.
     0 | D:1      | Reached XP level 1. HP: 21/21 MP: 1/1
   120 | D:1      | You fall into a shaft and drop 1 floor!
   263 | D:2      | HP: 1/21 [adder (4)]
   264 | D:2      | Slain by an adder

Illustrated notes

Levels and vault maps discovered:
D:1:      nzn_arrival_settlement, layout_basic,
          hellmonk_ecumenical_altar_run_dry, kennysheep_small_spiral,
          chequers_hall_statues_wall_a
D:2:      kennysheep_big_flooded_room, layout_basic

Action                   || total
-------------------------++-------
Melee: Long sword        ||    18
 Abil: Spit Poison       ||     1
Armor: Scale mail        ||     5
Dodge: Dodged            ||     5
Block: Kite shield       ||    10
       Rpst.: Long sword ||     1
